AoeStats
← schmoellebert

Arena

504184442Analyzed
1v1 RM · 29d ago on Sep 4, 2026· 53m 58s· 2 players
Game mode
Random Map
Map size
Tiny (2 player)
Population
200
Speed
Normal
Resources
Standard
Victory
Conquest
Starting age
Dark Age
Ending age
Imperial Age
RankedLock teamsTeams togetherTeam positionsShared explorationLock speedFull tech treeHidden civsTurbo modeCheats
Victory
Defeat
🇲🇴 Portuguese · Macao SAR China
646
+19
🇩🇪 Japanese · Germany
713
-19
瀟灑
0:29 Loom
14:38 Feudal Age
19:03 Castle Age
16:57 Double-Bit Axe
16:54 Horse Collar
17:58 Gold Mining
18:02 Stone Mining
19:59 Wheelbarrow
19:47 Heavy Plow
20:00 Bow Saw
20:53 Stone Shaft Mining
21:43 Fervor
26:41 Hand Cart
34:29 Treadmill Crane
34:44 Murder Holes
35:02 Masonry
35:13 Ballistics
35:12 Fletching
35:23 Padded Archer Armor
35:43 Fortified Wall
38:45 Imperial Age
36:04 Town Watch
36:27 Thumb Ring
36:26 Bodkin Arrow
37:02 Devotion
37:38 Town Patrol
38:30 Leather Archer Armor
39:46 Conscription
39:29 Arquebus
38:56 Elite Organ Gun
40:39 Chemistry
40:11 Architecture
39:46 Siege Engineers
40:14 Architecture
39:48 Bracer
40:29 Ring Archer Armor
schmoellebert
11:59 Feudal Age
12:30 Double-Bit Axe
17:47 Castle Age
15:46 Horse Collar
17:29 Wheelbarrow
19:05 Bow Saw
20:52 Hand Cart
22:32 Heavy Plow
22:36 Loom
27:00 Gold Mining
29:29 Gold Shaft Mining
29:20 Padded Archer Armor
34:55 Imperial Age
32:20 Fletching
33:09 Stone Mining
36:08 Leather Archer Armor
35:49 Bodkin Arrow
36:39 Conscription
36:46 Scale Mail Armor
36:57 Forging
37:10 Ballistics
37:01 Fortified Wall
37:27 Murder Holes
37:40 Siege Engineers
38:11 Elite Samurai
39:39 Ring Archer Armor
40:16 Parthian Tactics
39:58 Thumb Ring
39:59 Heavy Cavalry Archer
40:57 Bracer
43:56 Capped Ram
44:01 Onager
44:30 Elite Skirmisher
48:36 Chemistry
52:26 Two-Man Saw
52:17 Bloodlines
52:08 Husbandry
52:18 Scale Barding Armor
52:50 Iron Casting
52:45 Light Cavalry
Connection lost

Rejoining the realm…

Still unreachable

The connection could not be restored.

Session expired

The server has moved on; the page needs a fresh start.